 Dungeon Crawl Stone Soup version 0.31.0-11-ge490571c62 (webtiles) character file.

Game seed: 18008593317620102412

34827 Zeia the Fighter (level 13, -1/124 HPs)
             Began as a Green Draconian Conjurer on Jan 28, 2024.
             Was a High Priest of Ashenzari.
             Slain by a harpy simulacrum (18 damage)
             ... in an ice cave on Jan 29, 2024.
             The game lasted 01:29:50 (21814 turns).

Zeia the Fighter (Green Draconian Conjurer)        Turns: 21814, Time: 01:29:51

Health: -1/124     AC: 16    Str: 10    XL:     13   Next: 44%
Magic:  2/26       EV: 13    Int: 27    God:    Ashenzari [*****.]
Gold:   1046       SH:  3    Dex: 10    Spells: 6/30 levels left

rFire   . . .        i - +5 mace "Gloom of Ashenzari" {flame, Will+ Int+4, Fort, Elem} (curse)
rCold   . . .        h - +0 buckler "At What Cost Knowledge?" {Dev, Comp} (curse)
rNeg    . . .        (body armour unavailable)
rPois   +            (helmet restricted)
rElec   .            q - +2 cloak "Lashed Vision" {Sorc, Melee} (curse)
rCorr   .            n - +1 pair of gloves of the Mantic Serendipity {Cun, Sorc} (curse)
SInv    +            U - +2 pair of boots "Eternal Unpleasantness" {Comp, Fort} (curse)
Will    ++...        w - amulet of the Unyielding Gaze {Regen+, Comp, Elem} (curse)
Stlth   ++           v - ring "Ruined Sorrow" {Fly, Range, Dev} (curse)
HPRegen 1.20/turn    u - ring "I Foresaw This" {Will+, Fort, Cun} (curse)
MPRegen 0.20/turn

%: clarity
@: flying, slowed, very slow
A: breathe noxious fumes, AC +8, unfitting armour, poison resistance,
cold-blooded
a: Breathe Noxious Fumes, Renounce Religion, Curse Item, Shatter the Chains


You were in an ice cave.
You worshipped Ashenzari.
Ashenzari was extremely pleased with you.
You visited 3 branches of the dungeon, and saw 16 of its levels.
You also visited: Sewer and Ice Cave.

You collected 1074 gold pieces.
You spent 28 gold pieces at shops.

Inventory:

Hand Weapons
 c - a +0 dagger
 i - the cursed +5 mace "Gloom of Ashenzari" (weapon) {flame, Will+ Int+4, Fort, Elem}
   (You found it on level 9 of the Dungeon)

   Int+4:     It affects your intelligence (+4).
   Will+:     It increases your willpower.
   It has a curse which improves the following skills: Fortitude: Shields.
   Elements:  Fire Magic, Ice Magic, Air Magic and Earth Magic.
 k - a +1 vampiric spear
 D - a +2 whip of flaming
 H - the +1 quarterstaff of Wondrous Power {vamp, Str+4}
   (You took it off a gnoll on level 6 of the Dungeon)

   Str+4:     It affects your strength (+4).
 I - a -2 demon whip of venom
Missiles
 a - a throwing net
Armour
 h - the cursed +0 buckler "At What Cost Knowledge?" (worn) {Dev, Comp}
   (You took it off a tengu conjurer on level 9 of the Dungeon)

   It has a curse which improves the following skills: Devices: Evocations and
   Shapeshifting.
   Companions: Summonings and Necromancy.
 n - the cursed +1 pair of gloves of the Mantic Serendipity (worn) {Cun, Sorc}
   (You found it in a sewer)

   It has a curse which improves the following skills: Cunning: Dodging and
   Stealth.
   Sorcery:   Conjurations and Alchemy.
 q - the cursed +2 cloak "Lashed Vision" (worn) {Sorc, Melee}
   (You found it on level 3 of the Dungeon)

   It has a curse which improves the following skills: Sorcery: Conjurations and
   Alchemy.
   Melee Combat: Short Blades, Long Blades, Axes, Maces & Flails, Polearms,
   Staves and Unarmed Combat.
 U - the cursed +2 pair of boots "Eternal Unpleasantness" (worn) {Comp, Fort}
   (You found it on level 10 of the Dungeon)

   It has a curse which improves the following skills: Companions: Summonings
   and Necromancy.
   Fortitude: Shields.
Jewellery
 l - an amulet of regeneration
 u - the cursed ring "I Foresaw This" (right hand) {Will+, Fort, Cun}
   (You found it on level 6 of the Dungeon)

   [ring of willpower]

   Will+:     It increases your willpower.
   It has a curse which improves the following skills: Fortitude: Shields.
   Cunning:   Dodging and Stealth.
 v - the cursed ring "Ruined Sorrow" (left hand) {Fly, Range, Dev}
   (You found it on level 3 of the Dungeon)

   [ring of flight]

   Fly:       It grants you flight.
   It has a curse which improves the following skills: Ranged Combat: Ranged
   Weapons and Throwing.
   Devices:   Evocations and Shapeshifting.
 w - the cursed amulet of the Unyielding Gaze (around neck) {Regen+, Comp, Elem}
   (You found it on level 5 of the Dungeon)

   [amulet of regeneration]

   Regen+:    It increases your rate of health regeneration.
   It has a curse which improves the following skills: Companions: Summonings
   and Necromancy.
   Elements:  Fire Magic, Ice Magic, Air Magic and Earth Magic.
 O - a ring of fire
Wands
 d - a wand of charming (17)
 J - a wand of iceblast (7)
 M - a wand of polymorph (5)
 P - a wand of light (4)
 Q - a wand of mindburst (8)
 V - a wand of flame (10)
Scrolls
 e - 3 scrolls of teleportation
 r - 3 scrolls of silence
 y - 4 scrolls of enchant weapon
 z - 3 scrolls of fog
 A - a scroll of revelation
 E - 2 scrolls of fear
 F - a scroll of summoning
 G - 3 scrolls of vulnerability
 K - 2 scrolls of poison
 L - a scroll of amnesia
 R - a scroll of blinking
 S - 3 scrolls of immolation
 T - a scroll of enchant armour
Potions
 b - 4 potions of degeneration
 f - 2 potions of ambrosia
 j - 5 potions of curing
 m - a potion of attraction
 o - 2 potions of invisibility
 p - 2 potions of might
 s - 2 potions of cancellation
 t - 4 potions of haste
 x - 4 potions of mutation
 B - a potion of enlightenment
 C - 2 potions of lignification
 N - 2 potions of brilliance


   Skills:
 - Level 14.0 Fighting
 - Level 6.2(8.4) Maces & Flails
 - Level 3.9(6.8) Dodging
 - Level 1.7(3.9) Stealth
 - Level 9.2 Spellcasting
 - Level 10.8(14.0) Conjurations
 - Level 10.6(13.7) Ice Magic
 + Level 4.2(7.1) Earth Magic
 - Level 2.7(5.3) Alchemy


You had 6 spell levels left.
You knew the following spells:

 Your Spells              Type           Power      Damage    Failure   Level
a - Magic Dart            Conj           100%       1d8       1%          1
b - Freeze                Ice            100%       1d10      1%          1
c - Hailstorm             Conj/Ice       72%        3d13      1%          3
d - Frozen Ramparts       Ice            100%       1d16      1%          3
e - Iskenderun's Mystic   Conj/Tloc      50%        2d11      4%          4
f - Mephitic Cloud        Conj/Alch/Air  47%        N/A       1%          3
g - Fulminant Prism       Conj/Alch      29%        3d14      1%          4
h - Lee's Rapid Deconstr  Erth           25%        3d14*     11%         5

Your spell library contained the following spells:

 Spells                   Type           Power      Damage    Failure   Level
 Sting                    Conj/Alch      100%       1d9       1%          1
 Searing Ray              Conj           100%       2d8       1%          2
 Dazzling Flash           Conj/Hex       100%       N/A       1%          3
 Necrotise                Necr           60%        1d7       5%          1
 Summon Small Mammal      Summ           60%        N/A       5%          1
 Leda's Liquefaction      Alch/Erth      23%        N/A       5%          4
 Apportation              Tloc           24%        N/A       7%          1
 Jinxbite                 Hex            24%        N/A       11%         2
 Bombard                  Conj/Erth      31%        9d6       14%         6
 Alistair's Intoxication  Alch           27%        N/A       22%         5
 Sculpt Simulacrum        Ice/Alch       29%        N/A       22%         6
 Yara's Violent Unravell  Hex/Alch       13%        3d7       54%         5
 Curse of Agony           Necr           15%        N/A       83%         5
 Silence                  Hex/Air        6%         N/A       87%         5


Dungeon Overview and Level Annotations

Branches:
Dungeon (11/15)            Temple (1/1) D:4            Lair (4/5) D:9
 Shoals (0/4) Lair:2       Spider (0/4) Lair:2        Slime (0/5) Lair:4
  Sewer (visited)           IceCv (1/1)
    Orc: D:9-12

Altars:
Ashenzari
Cheibriados
Dithmenos
Elyvilon
Fedhas
Gozag
Hepliaklqana
Kikubaaqudgha
Makhleb
Nemelex Xobeh
Okawaru
Qazlal
Ru
Sif Muna
Trog
Uskayaw
Vehumet
Wu Jian
Xom
Yredelemnul
Zin
The Shining One
Jiyva

Shops:
D:2 !   D:4 !   D:6 *

Annotations:
D:7 2 transporters, Zeo's ghost, novice MiHu
D:9 1 runed translucent door, zewo's ghost, novice MiFi


Innate Abilities, Weirdness & Mutations

You can breathe blasts of noxious fumes.
Your lurid green scales are hard. (AC +8)
You cannot fit into any form of body armour.
Your system is resistant to poisons. (rPois)
You are cold-blooded and may be slowed by cold attacks.


Message History

The harpy simulacrum claws you but does no damage.
The white ugly thing kicks your fulminant prism!
Your fulminant prism explodes!
The blast of energy engulfs the white ugly thing.
The white ugly thing is lightly wounded.
The harpy simulacrum barely misses you. The harpy simulacrum misses you.
Casting: Fulminant Prism (mildly dangerous; 1% risk of failure)
Confirm with . or Enter, or press ? or * to list all spells.
Okay, then.
Blink to where?
Press: ? - help, Dir - move target
As you read the scroll of blinking, it crumbles to dust.
Casting: Fulminant Prism (mildly dangerous; 1% risk of failure)
Confirm with . or Enter, or press ? or * to list all spells.
Aiming: Fulminant Prism (mildly dangerous; 1% risk of failure)
Press: ? - help, Dir - move target You conjure a prism of explosive energy!
A fulminant prism comes into view.
The harpy simulacrum claws your fulminant prism!
The harpy simulacrum freezes your fulminant prism!
Your fulminant prism resists.
Your fulminant prism detonates feebly.
Casting: Fulminant Prism (mildly dangerous; 1% risk of failure)
Confirm with . or Enter, or press ? or * to list all spells.
Aiming: Fulminant Prism (mildly dangerous; 1% risk of failure)
Press: ? - help, Dir - move target You conjure a prism of explosive energy!
A fulminant prism comes into view.
You feel yourself speed up.
The harpy simulacrum claws you but does no damage.
You block the harpy simulacrum's attack.
The harpy simulacrum misses you. The harpy simulacrum claws you.
* * * LOW HITPOINT WARNING * * *
The harpy simulacrum freezes you!!
You feel yourself slow down.
* * * LOW HITPOINT WARNING * * *
You feel better. The harpy simulacrum claws you!
* * * LOW HITPOINT WARNING * * *
The harpy simulacrum freezes you!!
You feel as though you will be slow longer.
You die...

####### ############# **
#.....## ##..(([#.....## **,
#......###.....)#......##*,,
#.......#.......#......Z#..,
#.∩..∩....÷.@Z.*.u.Z..u....,
#.......#.......#.......#..,
#......###.....)#......##*,,
#.....## ##..[))#.....## **,
####### ############# **


You could see a white ugly thing, a three-headed hydra simulacrum, a harpy
simulacrum (ally target) and a friendly fulminant prism.

Vanquished Creatures
  2 hydras
  A centaur warrior (D:9)
  A two-headed ogre (D:8)
  Amaemon (D:8)
  Pikel (D:5)
  An ugly thing (IceCv)
  A manticore (Lair:2)
  A meliai (D:9)
  3 black mambas
  3 ice statues (IceCv)
  4 elephants (Lair:3)
  An orange demon (D:8)
  A torpor snail (Lair:2)
  14 cane toads
  An unseen horror (D:10)
  2 rime drakes
  6 komodo dragons
  A tengu conjurer (D:9)
  Psyche (D:8)
  3 hornets (Lair:3)
  A polar bear (Lair:2)
  5 blink frogs (Lair:4)
  A wind drake (Lair:2)
  6 dream sheep (Lair:4)
  12 spriggans
  A vampire (D:9)
  Sigmund (D:5)
  A wraith (D:9)
  4 basilisks
  3 wyverns
  A death yak simulacrum (IceCv)
  39 yaks
  A steam dragon (D:9)
  Duvessa (D:6)
  14 water moccasins
  Pargi (Sewer)
  3 orc warriors
  An ogre (D:5)
  3 boggarts
  13 wolves
  4 lemures
  4 centaurs
  4 kobold brigands
  A brain worm (Sewer)
  10 bullfrogs
  3 scorpions
  A cane toad simulacrum (IceCv)
  14 wights
  Dowan (D:6)
  An elephant simulacrum (IceCv)
  5 killer bees (D:9)
  An electric eel (D:8)
  A howler monkey (D:11)
  3 hounds
  A bombardier beetle (D:6)
  8 jellies
  2 gnoll boudas
  4 orc priests
  2 sleepcaps
  9 orc wizards
  2 iguanas (D:5)
  A polar bear simulacrum (IceCv)
  17 gnolls
  2 adders
  A shadow imp (D:6)
  13 white imps
  A dart slug (D:3)
  A ribbon worm (D:3)
  27 orcs
  7 endoplasms
  7 giant cockroaches
  5 goblins
  4 hobgoblins
  7 jackals
  13 quokkas
  5 ball pythons
  9 bats
  3 frilled lizards
  26 kobolds
  11 rats
402 creatures vanquished.

Vanquished Creatures (others)
  105 fulminant prisms
105 creatures vanquished.

Grand Total: 507 creatures vanquished

Notes
Turn   | Place    | Note
-------+----------+-------------------------------------------
     0 | D:1      | Zeia the Draconian Conjurer began the quest for the Orb.
     0 | D:1      | Reached XP level 1. HP: 14/14 MP: 3/3
   194 | D:1      | Reached XP level 2. HP: 20/20 MP: 3/5
   819 | D:1      | Reached XP level 3. HP: 26/26 MP: 2/6
  1852 | D:2      | Reached XP level 4. HP: 33/33 MP: 4/8
  1978 | D:2      | Found Voizxom's Distillery.
  2093 | D:2      | Identified the +3 leather armour "Varhas" {rF+ rCorr Int-3}
  2178 | D:2      | Found a faded altar of an unknown god.
  2524 | D:3      | Found a glowing drain.
  2559 | Sewer    | Entered a sewer
  2647 | Sewer    | Noticed a kobold brigand
  2675 | Sewer    | Noticed Pargi
  2687 | Sewer    | Killed Pargi
  2688 | Sewer    | Reached skill level 5 in Conjurations
  2688 | Sewer    | Reached XP level 5. HP: 24/38 MP: 0/10
  2861 | Sewer    | Reached XP level 6. HP: 39/45 MP: 4/11
  4024 | D:4      | Learned a level 1 spell: Freeze
  4028 | D:4      | Learned a level 3 spell: Hailstorm
  4184 | D:4      | Found Girusouzo's Distillery.
  4808 | D:4      | Found a staircase to the Ecumenical Temple.
  4817 | Temple   | Entered the Ecumenical Temple
  4838 | Temple   | Became a worshipper of Ashenzari the Shackled
  4927 | D:5      | Entered Level 5 of the Dungeon
  4930 | D:5      | Noticed Sigmund
  4980 | D:5      | Reached skill level 1 in Ice Magic
  4980 | D:5      | Your scales start taking on a lurid green colour.
  4980 | D:5      | Reached XP level 7. HP: 13/50 MP: 4/13
  4980 | D:5      | Gained mutation: Your system is resistant to poisons.
                  | (rPois) [Green Draconian growth]
  5722 | D:5      | Killed Sigmund
  5838 | D:5      | Noticed Pikel
  5906 | D:5      | Killed Pikel
  5907 | D:5      | Reached skill level 5 in Ice Magic
  5907 | D:5      | Reached XP level 8. HP: 57/57 MP: 7/14
  5961 | D:5      | Learned a level 3 spell: Frozen Ramparts
  6005 | D:5      | Reached skill level 1 in Fighting
  6596 | D:6      | Identified the +1 quarterstaff of Wondrous Power {vamp,
                  | Str+4}
  6609 | D:6      | Reached skill level 2 in Fighting
  6993 | D:6      | Noticed Duvessa
  6995 | D:6      | Noticed Dowan
  7004 | D:6      | Killed Duvessa
  7009 | D:6      | Killed Dowan
  7010 | D:6      | Reached skill level 3 in Fighting
  7157 | D:6      | Reached XP level 9. HP: 55/69 MP: 4/15
  7800 | D:6      | Learned a level 4 spell: Iskenderun's Mystic Blast
  7804 | D:6      | Learned a level 3 spell: Mephitic Cloud
  8041 | D:6      | Reached skill level 4 in Fighting
  8119 | D:6      | Reached * piety under Ashenzari
  8282 | D:6      | Found Terrump's Assorted Antiques.
  8285 | D:6      | Bought a scroll labelled GIATIU IS MAN for 28 gold pieces
  8793 | D:7      | Found a transporter.
  8891 | D:7      | Found a burning altar of Makhleb.
  8991 | D:7      | Noticed Zeo's ghost (novice MiHu)
  9020 | D:7      | Found a transporter.
  9151 | D:7      | Reached skill level 5 in Spellcasting
  9415 | D:7      | Reached ** piety under Ashenzari
  9421 | D:8      | Noticed an orange demon
  9502 | D:8      | Reached skill level 5 in Fighting
  9751 | D:8      | Noticed Psyche
  9758 | D:8      | Noticed Amaemon
  9759 | D:8      | Killed Psyche
  9927 | D:8      | Killed an orange demon
  9941 | D:8      | Killed Amaemon
  9942 | D:8      | Reached skill level 6 in Fighting
  9942 | D:8      | Reached XP level 10. HP: 79/86 MP: 4/20
 10054 | D:8      | Reached skill level 10 in Conjurations
 10073 | D:8      | Noticed a two-headed ogre
 10089 | D:8      | Killed a two-headed ogre
 10247 | D:8      | Reached skill level 7 in Fighting
 10260 | D:8      | Reached skill level 1 in Alchemy
 10680 | D:8      | Identified the +6 spear "Aczukuh" {flame, Will- Int+5 SInv
                  | Stlth+}
 10722 | D:8      | Reached *** piety under Ashenzari
 11049 | D:9      | Identified the beast talisman "Fiorih" {Dex+4}
 11373 | D:9      | Found a runed translucent door.
 11373 | D:9      | Noticed zewo's ghost (novice MiFi)
 11436 | D:9      | Reached skill level 8 in Fighting
 12145 | D:9      | Found a staircase to the Lair.
 12164 | D:9      | Reached XP level 11. HP: 98/99 MP: 18/24
 12389 | D:9      | Identified the +5 mace of Linearity {flame, Will+ Int+4}
 12453 | D:9      | Noticed a centaur warrior
 12463 | D:9      | Killed a centaur warrior
 12653 | Lair:1   | Entered Level 1 of the Lair of Beasts
 12821 | Lair:1   | Reached skill level 1 in Maces & Flails
 12850 | Lair:1   | Learned a level 4 spell: Fulminant Prism
 14259 | Lair:2   | Reached skill level 5 in Maces & Flails
 14264 | Lair:2   | Reached **** piety under Ashenzari
 14397 | Lair:2   | Found a hole to the Spider Nest.
 14632 | Lair:1   | Noticed a four-headed hydra
 14645 | Lair:1   | Killed a four-headed hydra
 14767 | Lair:2   | Reached skill level 10 in Ice Magic
 14767 | Lair:2   | Reached XP level 12. HP: 103/103 MP: 19/24
 15344 | Lair:2   | Found a staircase to the Shoals.
 15871 | Lair:3   | Noticed a four-headed hydra
 15884 | Lair:2   | Killed a four-headed hydra
 16346 | Lair:3   | Reached skill level 9 in Fighting
 16739 | Lair:3   | Reached ***** piety under Ashenzari
 17072 | Lair:3   | Reached skill level 10 in Fighting
 17467 | Lair:3   | Reached skill level 11 in Fighting
 18341 | Lair:4   | Identified the Teachings on Toxicology
 18347 | Lair:4   | Reached skill level 12 in Fighting
 18485 | Lair:4   | Reached XP level 13. HP: 110/119 MP: 2/26
 18747 | Lair:4   | Reached skill level 13 in Fighting
 18751 | Lair:4   | Found a viscous altar of Jiyva.
 18751 | Lair:4   | Found a staircase to the Slime Pits.
 19544 | Lair:4   | Found a basalt altar of Yredelemnul.
 20053 | Lair:3   | Reached skill level 14 in Fighting
 20262 | D:10     | Entered Level 10 of the Dungeon
 20557 | D:10     | Reached skill level 1 in Earth Magic
 21346 | D:11     | Found a frozen archway.
 21385 | IceCv    | Entered an ice cave
 21398 | IceCv    | Learned a level 5 spell: Lee's Rapid Deconstruction
 21814 | IceCv    | Slain by a harpy simulacrum

Illustrated notes

Levels and vault maps discovered:
D:1:      dpeg_arrival_ratfight, layout_loops_ring, minmay_tromino_v7
D:2:      layout_rooms, shapermc_ecumenical_altar_petra, serial_shops, shop
D:3:      layout_basic, gup_sewer_entry_pipe
D:4:      layout_loops_ring, minmay_temple_entry_nine_rooms, serial_shops,
          nicolae_shop_getting_attention
D:5:      kennysheep_spiral_hall, layout_basic, patterned_corridor,
          uniq_sigmund, uniq_pikel
D:6:      layout_loops_ring, serial_shops, nicolae_shop_trees, uniq_duvessa
D:7:      layout_loops_cross, makhleb_heckhound_becter,
          gammafunk_ghost_stat_death
D:8:      layout_cave_pools, kennysheep_donut, water_boxes_lemuel, uniq_amaemon,
          uniq_psyche
D:9:      minmay_chambers_of_sixes, layout_long_grid, minmay_lair_entry_grove,
          hellmonk_ghost_big_iron
D:10:     layout_irregular_city
D:11:     layout_grid_maze, portal_ice_cave_entry_imps
Temple:   compressed_dpeg_triangle_lava_temple
Lair:1:   layout_gridlike
Lair:2:   hellmonk_destroyed_diamonds, layout_regular_city,
          minmay_shoals_entry_beasts, dummy_spider_entry, beast_lair_carwin_6,
          lemuel_fruit_tree
Lair:3:   kb_forest_paths, layout_chaotic_city
Lair:4:   layout_loops_ring, nicolae_slime_entry_slimehenge, basic_altar
IceCv:    ice_cave_statue_garden_chambered

Skill      XL: |  1  2  3  4  5  6  7  8  9 10 11 12 13 |
---------------+----------------------------------------+-----
Dodging        | 2 3 |  3.9
Spellcasting   | 3 4 6 8 9 |  9.2
Conjurations   | 5 7 8 9 10 | 10.8
Ice Magic      | 1 5 6 10 | 10.6
Fighting       | 3 6 8 12 14 | 14.0
Alchemy        | 2 |  2.7
Maces & Flails | 6 |  6.2
Earth Magic    | 4 |  4.2
Stealth        | |  1.7

Action                     |  1- 3 |  4- 6 |  7- 9 | 10-12 | 13-15 || total
---------------------------+-------+-------+-------+-------+-------++-------
  Melee: Dagger            |    66 |       |       |       |       ||    66
         Tailslap          |     8 |     8 |    15 |    35 |    11 ||    77
         Punch             |     1 |       |     4 |       |       ||     5
         Short sword       |     7 |    58 |    98 |   104 |       ||   267
         Mace              |       |       |       |    89 |    74 ||   163
   Cast: Magic Dart        |    82 |   104 |   151 |    72 |       ||   409
         Freeze            |       |     2 |    46 |    14 |       ||    62
         Hailstorm         |       |       |    40 |    18 |    12 ||    70
         Frozen Ramparts   |       |       |    15 |    16 |     1 ||    32
         Mephitic Cloud    |       |       |     4 |    14 |     2 ||    20
         Iskenderun's Myst |       |       |       |    78 |    31 ||   109
         Fulminant Prism   |       |       |       |    77 |    29 ||   106
         Lee's Rapid Decon |       |       |       |       |    10 ||    10
 Invoke: Curse Item        |       |       |     3 |     5 |     1 ||     9
         Shatter the Chain |       |       |       |     1 |       ||     1
Ability: Breathe Noxious F |       |       |     5 |     4 |       ||     9
    Use: Scroll            |       |     6 |     5 |     4 |     3 ||    18
         Potion            |       |     1 |       |     4 |     2 ||     7
   Stab: Confused          |       |       |     3 |     8 |     1 ||    12
         Sleeping          |       |       |     1 |       |       ||     1
 Armour: Skin              |    47 |    59 |   120 |   360 |    84 ||   670
  Dodge: Dodged            |    74 |    60 |   104 |   256 |    64 ||   558
  Block: Buckler           |       |       |       |    31 |    22 ||    53
